 Dungeon Crawl Stone Soup version 0.21-a0-71-g5e5ddd2 (webtiles) character file.

1905 Ijustatesigmund the Skirmisher (level 9, -6/65 HPs)
             Began as an Octopode Assassin on June 19, 2017.
             Mangled by a troll (18 damage)
             ... on level 6 of the Dungeon.
             The game lasted 00:16:45 (4239 turns).

Ijustatesigmund the Skirmisher (Octopode Assassin)  Turns: 4239, Time: 00:16:45

Health: -6/65      AC:  1    Str: 10    XL:     9   Next: 16%
Magic:  9/9        EV: 17    Int: 13    God:
Gold:   6          SH:  0    Dex: 20    Spells: 8/8 levels left

rFire    . . .     SeeInvis .   b - +0 blowgun
rCold    + . .     Gourm    .   (no shield)
rNeg     + . .     Faith    .   (helmet restricted)
rPois    +         Spirit   .   e - amulet of inaccuracy (curse)
rElec    .         Reflect  .   k - ring of positive energy
rCorr    +         Harm     .   p - +3 ring of dexterity
MR       .....                  r - ring of protection from cold
Stlth    +++++.....             v - ring of resist corrosion
HPRegen  0.60/turn              (no ring)
MPRegen  0.11/turn              (no ring)
                                (no ring)
                                (no ring)

@: no status effects
A: almost no armour, stealthy swim, amphibious, 8 rings, constrict 8, camouflage
1, poison resistance, regeneration 1, gelatinous body 1
a: no special abilities


You were on level 6 of the Dungeon.
You were hungry.

You visited 1 branch of the dungeon, and saw 6 of its levels.

You collected 266 gold pieces.
You spent 260 gold pieces at shops.

Inventory:

Hand Weapons
 a - a +2 dagger
 b - a +0 blowgun (weapon)
Missiles
 c - 24 poisoned needles (quivered)
 s - 5 needles of sleeping
Jewellery
 e - a cursed amulet of inaccuracy (around mantle)
 k - a ring of positive energy (left tentacle)
 p - a +3 ring of dexterity (right tentacle)
 r - a ring of protection from cold (on tentacle)
 v - a ring of resist corrosion (on tentacle)
Wands
 g - a wand of flame (3/48)
 h - a wand of flame (22/48)
Scrolls
 d - 2 scrolls of amnesia {unknown}
 i - a scroll of fog {unknown}
 j - 3 scrolls of recharging
 m - 2 scrolls of immolation
 o - a scroll of magic mapping
Potions
 l - a potion of brilliance
 u - a potion of cancellation {unknown}
Comestibles
 f - 5 bread rations
 n - 2 meat rations


   Skills:
 + Level 7.6 Fighting
 + Level 7.1 Short Blades
 - Level 2.0 Throwing
 - Level 5.3 Dodging
 + Level 6.0 Stealth


You had 8 spell levels left.
You didn't know any spells.

Dungeon Overview and Level Annotations

Branches:
Dungeon (6/15)
 Temple: D:4-7

Altars:
Fedhas
Makhleb

Shops:
D:5 ===[

Annotations:
D:3 anet's ghost, amateur MiFi


Innate Abilities, Weirdness & Mutations

You cannot wear most types of armour.
You are very stealthy in the water. (Stealth+)
You are amphibious.
You can wear up to eight rings at the same time.
You can use your tentacles to constrict eight enemies at once.
Your skin changes colour to match your surroundings (Stealth+).
Your rubbery body absorbs attacks. (AC +1, EV +1)
Your system is resistant to poisons. (rPois)
Your natural rate of healing is unusually fast.


Message History

The troll is heavily wounded.
The troll barely misses you. The troll claws you! The troll barely misses you.
You miss the troll. Your squeeze misses the troll.
The troll is moderately wounded.
You hit the troll.
The troll is heavily wounded.
The troll bites you!!
* * * LOW HITPOINT WARNING * * *
The troll barely misses you. The troll completely misses you.
You barely miss the troll. You squeeze the troll.
The troll is heavily wounded.
The troll completely misses you. The troll claws you.
* * * LOW HITPOINT WARNING * * *
The troll barely misses you.
You hit the troll.
The troll is heavily wounded.
Wield which item (- for none, * to show all)? (? for menu, Esc to quit)
b - a +0 blowgun (weapon)
The troll bites you!!
You die...

#......# ####...)..#
..........#
#........##
#........##
#.........##########
#..................###
######................
#...@T........#
#.............#
#........<....#
#.............#
#.............#
#(............#
#.............#
#.............#
............#


You could see a troll.

Vanquished Creatures
  The ghost of Ijustatesigmund the Cutter, a novice OpAs (D:5)
  Eustachio (D:5)
  Sigmund (D:2)
  Menkaure (D:4)
  Edmund (D:5)
  An ogre (D:5)
  A centaur (D:5)
  A bullfrog (D:4)
  A scorpion (D:4)
  4 crimson imps
  2 bullfrog zombies (D:5)
  A howler monkey (D:4)
  An orc priest (D:4)
  2 hounds
  A jelly (D:5)
  An orc wizard (D:5)
  10 worker ants
  A worker ant zombie (D:5)
  A howler monkey zombie (D:5)
  4 gnolls (D:5)
  4 adders
  3 oozes
  An adder zombie (D:5)
  2 worms (D:2)
  2 leopard geckos (D:5)
  7 orcs
  4 bats
  6 giant cockroaches
  6 goblins
  2 hobgoblins (D:1)
  5 jackals
  11 kobolds
  6 quokkas
  2 ball pythons
  5 frilled lizards
  A leopard gecko skeleton (D:5)
  3 rats
107 creatures vanquished.

Notes
Turn   | Place    | Note
-------+----------+-------------------------------------------
     0 | D:1      | Ijustatesigmund the Octopode Assassin began the quest for the Orb.
     0 | D:1      | Reached XP level 1. HP: 14/14 MP: 1/1
    32 | D:1      | Reached XP level 2. HP: 13/20 MP: 2/2
   731 | D:1      | Reached XP level 3. HP: 20/26 MP: 3/3
  1376 | D:2      | Reached XP level 4. HP: 24/31 MP: 4/4
  1532 | D:2      | Noticed Sigmund
  1548 | D:2      | Killed Sigmund
  1548 | D:2      | Reached XP level 5. HP: 38/38 MP: 5/5
  1548 | D:2      | Reached XP level 6. HP: 44/44 MP: 6/6
  2120 | D:3      | Noticed anet's ghost (amateur MiFi)
  2187 | D:4      | Reached skill level 5 in Fighting
  2453 | D:4      | Gained mutation: Your natural rate of healing is unusually fast. [potion of mutation]
  2453 | D:4      | Gained mutation: Your system is resistant to poisons. (rPois) [potion of mutation]
  2684 | D:4      | Reached XP level 7. HP: 43/50 MP: 7/7
  2775 | D:4      | Reached skill level 5 in Short Blades
  3096 | D:4      | Noticed Menkaure
  3098 | D:4      | Killed Menkaure
  3133 | D:5      | Entered Level 5 of the Dungeon
  3202 | D:5      | Found a blossoming altar of Fedhas.
  3212 | D:5      | Noticed Eustachio
  3265 | D:5      | Killed Eustachio
  3265 | D:5      | Reached XP level 8. HP: 19/57 MP: 8/8
  3373 | D:5      | Noticed Ijustatesigmund's ghost (novice OpAs)
  3410 | D:5      | Killed Ijustatesigmund's ghost
  3653 | D:5      | Found a burning altar of Makhleb.
  3654 | D:5      | Noticed Edmund
  3667 | D:5      | Killed Edmund
  3667 | D:5      | Reached skill level 5 in Dodging
  3845 | D:5      | Reached XP level 9. HP: 62/64 MP: 9/9
  3864 | D:5      | Found Wefevick's Jewellery Emporium.
  3869 | D:5      | Found Jopeosk's Jewellery Emporium.
  3869 | D:5      | Found Xocsal's Antique Armour Emporium.
  3869 | D:5      | Found Deag's Jewellery Emporium.
  3876 | D:5      | Bought an uncursed ring of resist corrosion for 260 gold pieces
  4140 | D:6      | Noticed a troll
  4239 | D:6      | Mangled by a troll

Vault maps used:
D:1:      dpeg_arrival_tiny_f, minmay_small_reverse_x
D:2:      uniq_sigmund
D:3:      first_bread, uniq_terence
D:4:      st_stairs_7, uniq_menkaure
D:5:      basic_altar, minmay_shop_grid_forest, minmay_misc_feat_enclosed,
          serial_park_tiny_pond, fedhas_altar_2, uniq_eustachio, uniq_edmund
D:6:      nicolae_whirlpool, uniq_crazy_yiuf_cottage, uniq_prince_ribbit1

Skill      XL: |  1  2  3  4  5  6  7  8  9 |
---------------+----------------------------+-----
Fighting       | 3 4 5 6 7 |  7.6
Short Blades   | 3 4 5 6 7 |  7.1
Dodging        | 2 3 5 |  5.3
Stealth        | 6 |  6.0
Throwing       | |  2.0

Action                   |  1- 3 |  4- 6 |  7- 9 || total
-------------------------+-------+-------+-------++-------
Melee: Dagger            |    72 |    74 |   212 ||   358
       Constrict         |    11 |    12 |    37 ||    60
       Tentacles         |     9 |    14 |    58 ||    81
 Fire: Blowgun           |       |     8 |    29 ||    37
  Use: Scroll            |     6 |     5 |     2 ||    13
       Potion            |       |     4 |     3 ||     7
 Stab: Sleeping          |    11 |    11 |     8 ||    30
       Distracted        |       |       |     1 ||     1
  Eat: Chunk             |       |     5 |     3 ||     8
       Royal jelly       |       |       |     1 ||     1
Armor: Skin              |     6 |     3 |    13 ||    22
Dodge: Dodged            |    26 |    35 |   103 ||   164
